 Dungeon Crawl Stone Soup version 0.30-a0-1160-g6e42c06551 (webtiles) character file.

Game seed: 608266974052819052

86 BubbleThief the Chopper (level 4, -1/41 HPs)
             Began as a Hill Orc Fighter on Apr 25, 2023.
             Succumbed to an orc wizard's poison
             ... on level 3 of the Dungeon on Apr 26, 2023.
             The game lasted 00:02:35 (1636 turns).

BubbleThief the Chopper (Hill Orc Fighter)          Turns: 1636, Time: 00:02:36

Health: -1/41      AC:  8    Str: 20    XL:     4   Next: 50%
Magic:  4/4        EV:  9    Int:  8    God:
Gold:   49         SH:  4    Dex: 10    Spells: 3/3 levels left

rFire   . . .        a - +0 war axe
rCold   . . .        c - +0 buckler
rNeg    . . .        b - +0 scale mail
rPois   .            q - +0 helmet
rElec   .            (no cloak)
rCorr   .            (no gloves)
SInv    .            (no boots)
Will    .....        (no amulet) Stlth
                     (no ring)
HPRegen 0.26/turn    (no ring)
MPRegen 0.09/turn

%: no passive effects
@: lethally poisoned (-1 -> -8)
A: no striking features
a: no special abilities


You were on level 3 of the Dungeon.
You visited 1 branch of the dungeon, and saw 4 of its levels.

You collected 49 gold pieces.

Inventory:

Hand Weapons
 a - a +0 war axe (weapon)
Missiles
 j - 6 javelins (quivered)
Armour
 b - a +0 scale mail (worn)
 c - a +0 buckler (worn)
 q - a +0 helmet (worn)
Jewellery
 g - a ring of fire
Scrolls
 e - a scroll of amnesia {unknown}
 h - 5 scrolls of identify {unknown}
 i - a scroll of enchant weapon {unknown}
 k - a scroll of noise {unknown}
 m - a scroll of teleportation {unknown}
 o - a scroll of poison {unknown}
Potions
 d - a potion of might
 f - a potion of lignification {unknown}
 l - a potion of curing
 n - a potion of attraction {unknown}
 p - a potion of mutation {unknown}


   Skills:
 + Level 4.6 Fighting
 * Level 5.2 Axes
 - Level 3.2 Armour
 - Level 3.2 Shields


You had 3 spell levels left.
You didn't know any spells.
Your spell library was empty.

Dungeon Overview and Level Annotations

Branches:
Dungeon (4/15)
 Temple: D:4-7

Altars:

Annotations:
D:4 Menkaure


Message History

The endoplasm freezes you.
You are frozen.
* * * LOW HITPOINT WARNING * * *
The endoplasm freezes you.
You are frozen.
* * * LOW HITPOINT WARNING * * *
You hit the endoplasm.
You kill the endoplasm!
Deactivating autopickup; reactivate with Ctrl-A.
You barely miss something.
An orc wizard appears from thin air!
Reactivating autopickup.
The orc wizard hits you with a +0 dagger of venom.
* * * LOW HITPOINT WARNING * * *
You are poisoned.
You hit the orc wizard but do no damage.
* * * LOW HITPOINT WARNING * * *
You feel sick.
The orc wizard points at you and mumbles some strange words.
You resist with some effort.
You hit the orc wizard.
The orc wizard is moderately wounded.
You feel sick. You block the orc wizard's attack.
The orc wizard points at you and mumbles some strange words.
You resist with some effort.
You hit the orc wizard but do no damage.
The orc wizard is moderately wounded.
* * * LOW HITPOINT WARNING * * *
You feel sick. The orc wizard barely misses you.
You hit the orc wizard.
The orc wizard is heavily wounded.
You feel sick.
You are no longer poisoned.
The orc wizard casts a spell.
The orc wizard flickers and vanishes!
Deactivating autopickup; reactivate with Ctrl-A.
You miss something. Something hits you but does no damage.
You are lethally poisoned!
Something hits you but does no damage.
You barely miss something.
You die...

#.........# #. #
#.........# ##
#.........#
#.........#
#.........#
#.........#
#####'#####
#.################
#.......@{S)......
##################


You could see a ball python.

Vanquished Creatures
  An orc wizard (D:3)
  Robin (D:2)
  A gnoll (D:1)
  A worm (D:3)
  An orc (D:3)
  3 ball pythons
  6 bats
  2 endoplasms
  A giant cockroach (D:1)
  3 hobgoblins
  4 kobolds
  A quokka (D:2)
  3 frilled lizards
  7 goblins
  A rat (D:1)
36 creatures vanquished.

Notes
Turn   | Place    | Note
-------+----------+-------------------------------------------
     0 | D:1      | BubbleThief the Hill Orc Fighter began the quest for the
                  | Orb.
     0 | D:1      | Reached XP level 1. HP: 19/19 MP: 1/1
    66 | D:1      | Reached skill level 3 in Axes
   126 | D:1      | Reached XP level 2. HP: 18/27 MP: 2/2
   400 | D:1      | Reached skill level 4 in Axes
   439 | D:1      | Reached XP level 3. HP: 24/33 MP: 3/3
  1361 | D:2      | Noticed Robin
  1378 | D:2      | Killed Robin
  1429 | D:2      | You fall into a shaft and drop 2 floors!
  1437 | D:4      | Noticed a scorpion
  1437 | D:4      | Noticed Menkaure
  1481 | D:3      | Reached XP level 4. HP: 23/41 MP: 4/4
  1624 | D:3      | Reached skill level 5 in Axes
  1633 | D:3      | HP: 2/41 [poisoned by an orc wizard]
  1636 | D:3      | Succumbed to an orc wizard's poison

Illustrated notes

Levels and vault maps discovered:
D:1:      dpeg_arrival_shelter, layout_basic
D:2:      layout_loops_cross, minmay_crystal_water,
          chequers_serial_rivers_micro_e, minmay_misc_feat_diagonals,
          uniq_sigmund, uniq_robin
D:3:      layout_basic, lemuel_round_altar
D:4:      layout_loops_cross, st_stairs_2, uniq_menkaure, uniq_blork_the_orc,
          uniq_duvessa

Skill      XL: |  1  2  3  4 |
---------------+-------------+-----
Axes           | 3 4 5 |  5.2
Fighting       | 4 |  4.6
Armour         | |  3.2
Shields        | |  3.2

Action                     |  1- 3 |  4- 6 || total
---------------------------+-------+-------++-------
  Melee: War axe           |   116 |    42 ||   158
  Throw: Javelin           |     1 |       ||     1
    Use: Potion            |       |     1 ||     1
 Armour: Scale mail        |    54 |    24 ||    78
  Dodge: Dodged            |    55 |     3 ||    58
  Block: Buckler           |    28 |     4 ||    32

Table legend: (Time is in decaauts)
 A = Elapsed time spent in this place.
 B = Non-inter-level travel time spent in this place.
 C = Inter-level travel time spent in this place.
 D = Time resting spent in this place.
 E = Time spent auto-exploring this place.
 F = Levels seen in this place.
 G = Mean time per level.
                   A        B        C        D        E       F      G
               +--------+--------+--------+--------+--------+-----+--------+
         Total |   1686 |   1677 |      9 |      0 |   1331 |   4 |  421.5 |
       Dungeon |   1686 |   1677 |      9 |      0 |   1331 |   4 |  421.5 |
               +--------+--------+--------+--------+--------+-----+--------+

Top non-repeatable levels by time:
     D:1: 1068 daAuts
     D:2: 395 daAuts
     D:3: 206 daAuts
     D:4: 15 daAuts
